 Dungeon Crawl Stone Soup version 0.21.1-1-g345015f (webtiles) character file.

2332 infcreate the Cleaver (level 9, -1/78 HPs)
             Began as a Minotaur Fighter on June 10, 2018.
             Slain by an orc wizard
             ... wielding a +0 dagger of electrocution
              (19 damage)
             ... on level 6 of the Dungeon.
             The game lasted 00:25:41 (5514 turns).

infcreate the Cleaver (Minotaur Fighter)            Turns: 5514, Time: 00:25:42

Health: -1/78      AC: 14    Str: 24    XL:     9   Next: 19%
Magic:  8/8        EV:  5    Int:  5    God:
Gold:   305        SH: 11    Dex: 10    Spells: 8/8 levels left

rFire    . . .     SeeInvis .   a - +0 war axe
rCold    . . .     Gourm    .   c - +0 shield
rNeg     . . .     Faith    .   p - +1 plate armour
rPois    +         Spirit   .   (helmet restricted)
rElec    .         Reflect  .   (no cloak)
rCorr    .         Harm     .   (no gloves)
MR       +....                  (no boots)
Stlth    ..........             (no amulet)
HPRegen  0.23/turn              i - ring of protection from magic
MPRegen  0.11/turn              v - ring of poison resistance

@: no status effects
A: retaliatory headbutt, horns 2
a: no special abilities


You were on level 6 of the Dungeon.
You were not hungry.

You visited 1 branch of the dungeon, and saw 6 of its levels.

You collected 305 gold pieces.

Inventory:

Hand Weapons
 a - a +0 war axe (weapon)
Armour
 c - a +0 shield (worn)
 p - a +1 plate armour (worn)
Jewellery
 i - a ring of protection from magic (left hand)
 v - a ring of poison resistance (right hand)
Wands
 s - a wand of scattershot (5)
Scrolls
 e - 4 scrolls of remove curse
 g - 8 scrolls of teleportation
 h - a scroll of immolation {unknown}
 j - a scroll of blinking
 k - a scroll of fear
 m - a scroll of enchant weapon {unknown}
 q - a scroll of enchant armour
 u - a scroll of amnesia {unknown}
 w - a scroll of magic mapping {unknown}
Potions
 b - a potion of curing
 d - 4 potions of might
 l - a potion of berserk rage
 n - a potion of brilliance
 o - a potion of magic
 t - a potion of heal wounds {unknown}
 x - a potion of mutation {unknown}
Books
 y - a book of Changes

   Spells                             Type                      Level
   a - Beastly Appendage              Transmutation                1
   b - Sticks to Snakes               Transmutation                2
   c - Spider Form                    Transmutation/Poison         3
   d - Ice Form                       Ice/Transmutation            4
   e - Blade Hands                    Transmutation                5
Comestibles
 f - 9 rations


   Skills:
 + Level 6.9 Fighting
 + Level 10.1 Axes
 + Level 7.2 Armour
 + Level 7.7 Shields


You had 8 spell levels left.
You didn't know any spells.

Dungeon Overview and Level Annotations

Branches:
Dungeon (6/15)
 Temple: D:4-7

Altars:
Dithmenos
Fedhas


Innate Abilities, Weirdness & Mutations

You reflexively headbutt those who attack you in melee.
You have a pair of horns on your head.


Message History

You closely miss something. You slash the orc!
You kill the orc!
You hit something but do no damage. Something hits you but does no damage.
You are electrocuted!
No target in view!
No target in view!
You hear some strange, mumbled words.
Items here: ))) [[ †† No target in view!
You closely miss something. You block something's attack. x2
You closely miss something. Something hits you.
You are electrocuted!
You miss something. You headbutt something.
Something hits you but does no damage.
You are electrocuted!
You slash something! Something hits you but does no damage.
You barely miss something. Your headbutt misses something.
Something hits you but does no damage.
You are electrocuted!
* * * LOW HITPOINT WARNING * * *
Something hits you but does no damage.
You are electrocuted!
You die...

..#######......#
### #.. #.####.#
#.. #.####.# ###
#...##.#
#.#.##.#
#.#.##.#
#.#######......#
#.........#....#
##....@###..##.#
#.....# #...#.#
#.....# #.#.#.#
#....<# ##...##
####### #.## .#


There were no monsters in sight!

Vanquished Creatures
  Sigmund (D:5)
  The ghost of kaesh the Shield-Bearer, an amateur FoFi (D:3)
  Duvessa (D:5)
  A necrophage (D:3)
  3 ice beasts
  2 phantoms
  7 big kobolds (D:3)
  A bullfrog (D:6)
  Dowan (D:5)
  3 bullfrog zombies
  2 centaur zombies (D:5)
  A jelly (D:5)
  A bullfrog skeleton (D:4)
  4 orc priests
  3 worker ants
  A worker ant zombie (D:3)
  6 gnolls
  12 adders
  3 oozes
  2 adder skeletons
  5 worms
  2 dart slugs
  7 leopard geckos
  17 orcs
  2 ball pythons
  5 giant cockroaches
  8 goblins
  15 hobgoblins
  13 jackals
  3 quokkas
  3 bats
  5 frilled lizards
  51 kobolds
  8 rats
200 creatures vanquished.

Notes
Turn   | Place    | Note
-------+----------+-------------------------------------------
     0 | D:1      | infcreate the Minotaur Fighter began the quest for the Orb.
     0 | D:1      | Reached XP level 1. HP: 19/19 MP: 0/0
    54 | D:1      | Reached XP level 2. HP: 27/27 MP: 1/1
   382 | D:1      | Reached XP level 3. HP: 33/33 MP: 2/2
   557 | D:1      | Reached skill level 3 in Axes
   977 | D:2      | Reached XP level 4. HP: 27/40 MP: 3/3
  1423 | D:2      | Reached skill level 4 in Axes
  1445 | D:2      | Reached XP level 5. HP: 47/47 MP: 4/4
  1858 | D:2      | Found a shadowy altar of Dithmenos.
  2065 | D:3      | Noticed a necrophage
  2072 | D:3      | Killed a necrophage
  2072 | D:3      | Reached skill level 5 in Armour
  2110 | D:3      | Reached skill level 5 in Shields
  2137 | D:3      | Reached skill level 5 in Axes
  2137 | D:3      | Reached XP level 6. HP: 25/52 MP: 5/5
  2271 | D:3      | Noticed kaesh's ghost (amateur FoFi)
  2280 | D:3      | Killed kaesh's ghost
  2606 | D:3      | Found a faded altar of an unknown god.
  2789 | D:3      | Reached skill level 5 in Fighting
  2789 | D:3      | Reached skill level 6 in Axes
  2789 | D:3      | Reached XP level 7. HP: 60/60 MP: 6/6
  2893 | D:3      | Reached skill level 7 in Axes
  3121 | D:3      | Reached XP level 8. HP: 66/69 MP: 7/7
  3255 | D:3      | Reached skill level 8 in Axes
  3530 | D:3      | Found a blossoming altar of Fedhas.
  3663 | D:4      | You fall through a shaft!
  3663 | D:5      | Entered Level 5 of the Dungeon
  3743 | D:5      | Noticed Dowan
  3745 | D:5      | Noticed Duvessa
  3753 | D:5      | Killed Dowan
  3757 | D:5      | Killed Duvessa
  3870 | D:4      | Reached skill level 9 in Axes
  4619 | D:5      | Noticed Sigmund
  4629 | D:5      | Killed Sigmund
  4966 | D:5      | Reached XP level 9. HP: 55/78 MP: 8/8
  5425 | D:6      | Reached skill level 10 in Axes
  5514 | D:6      | Slain by an orc wizard

Skill      XL: |  1  2  3  4  5  6  7  8  9 |
---------------+----------------------------+-----
Fighting       | 4 5 6 |  6.9
Armour         | 4 5 7 |  7.2
Shields        | 4 5 6 7 |  7.7
Axes           | 3 4 5 6 7 9 10 | 10.1

Action                   |  1- 3 |  4- 6 |  7- 9 || total
-------------------------+-------+-------+-------++-------
Melee: War axe           |    90 |   160 |   322 ||   572
       Headbutt          |    10 |    23 |    57 ||    90
  Use: Scroll            |     1 |       |     6 ||     7
       Potion            |       |       |     2 ||     2
  Eat: Chunk             |       |     6 |     6 ||    12
       Ration            |       |       |     1 ||     1
Armor: Scale mail        |    37 |       |       ||    37
       Chain mail        |     5 |    54 |       ||    59
       Plate armour      |       |    43 |   156 ||   199
Dodge: Dodged            |    21 |    27 |    46 ||    94
Block: Shield            |    46 |    87 |   142 ||   275
